 Dungeon Crawl Stone Soup version 0.25.1-4-g9407a263a5 (webtiles) character file.

Game seed: 4064616881887327220

6668 ANNNA the Thaumaturge (level 10, -7/53 HPs)
             Began as a Deep Elf Venom Mage on Nov 28, 2020.
             Was a Believer of Sif Muna.
             Mangled by a water moccasin (9 damage)
             ... on level 10 of the Dungeon.
             The game lasted 00:37:19 (13440 turns).

ANNNA the Thaumaturge (Deep Elf Venom Mage)        Turns: 13440, Time: 00:37:22

Health: -7/53      AC:  5    Str:  8    XL:     10   Next: 73%
Magic:  13/27      EV: 13    Int: 21    God:    Sif Muna [**....]
Gold:   509        SH:  0    Dex: 15    Spells: 18/31 levels left

rFire    . . .     SeeInvis .   j - +12 glaive of Prune {vorpal}
rCold    . . .     Gourm    .   (shield currently unavailable)
rNeg     + . .     Faith    .   K - +0 leather armour
rPois    .         Spirit   .   (no helmet)
rElec    .         Reflect  .   N - +0 cloak
rCorr    .         Harm     .   u - +0 pair of gloves
MR       +....                  (no boots)
Stlth    ++........             L - amulet of regeneration
HPRegen  0.57/turn              l - ring of positive energy
MPRegen  0.20/turn              (no ring)

@: lethally poisoned (-7 -> -18), flying
A: no striking features
a: Channel Magic, Renounce Religion


You were on level 10 of the Dungeon.
You worshipped Sif Muna.
Sif Muna was pleased with you.
You were not hungry.

You visited 2 branches of the dungeon, and saw 11 of its levels.
You also visited: Sewer.

You collected 509 gold pieces.

Inventory:

Hand Weapons
 g - a +0 dagger
 j - the +12 glaive of Prune (weapon) {vorpal}
   (You found it on level 4 of the Dungeon)

   It inflicts extra damage upon your enemies.
 O - the +3 shortbow "Xiluh" {flame, rC+, unknown}
   (You found it on level 9 of the Dungeon)

   It causes projectiles fired from it to burn those they strike, causing extra
   injury to most foes and up to half again as much damage against particularly
   susceptible opponents.
   It protects you from cold.
Missiles
 i - 333 stones (quivered)
 Q - 6 arrows
Armour
 a - a +0 robe
 n - a scarf of harm
 u - a +0 pair of gloves (worn)
 K - a +0 leather armour (worn)
 N - a +0 cloak (worn)
Magical Staves
 y - an uncursed staff of earth {unknown}
Jewellery
 l - a ring of positive energy (left hand)
 L - an amulet of regeneration (around neck)
Wands
 b - a wand of random effects (16)
 t - a wand of polymorph (8)
 J - a wand of iceblast (9)
 M - a wand of clouds (6)
Scrolls
 e - 9 scrolls of remove curse
 f - 2 scrolls of random uselessness {unknown}
 o - 3 scrolls of teleportation {unknown}
 q - 2 scrolls of enchant weapon {unknown}
 r - 2 scrolls of enchant armour {unknown}
 s - 3 scrolls of fog {unknown}
 w - 2 scrolls of blinking {unknown}
 A - a scroll of fear {unknown}
 D - 3 scrolls of magic mapping {unknown}
 H - a scroll of vulnerability {unknown}
 I - 2 scrolls of identify
Potions
 d - 3 potions of brilliance
 h - a potion of degeneration {unknown}
 k - a potion of berserk rage {unknown}
 m - 2 potions of mutation {unknown}
 p - 5 potions of stabbing
 v - 4 potions of flight
 x - 4 potions of might
 z - 2 potions of invisibility {unknown}
 B - 3 potions of magic {unknown}
 C - 3 potions of heal wounds {unknown}
 E - a potion of ambrosia {unknown}
 F - 2 potions of haste {unknown}
 G - a potion of lignification {unknown}
 P - a potion of cancellation {unknown}
Comestibles
 c - 14 rations


   Skills:
 + Level 2.1 Fighting
 + Level 0.6 Short Blades
 + Level 4.0 Polearms
 - Level 0.6 Throwing
 + Level 1.2 Armour
 + Level 4.1 Dodging
 + Level 4.1 Stealth
 + Level 11.2 Spellcasting
 + Level 1.6 Conjurations
 + Level 4.3 Transmutations
 + Level 3.8 Fire Magic
 + Level 6.3 Air Magic
 + Level 9.4 Poison Magic


You had 18 spell levels left.
You knew the following spells:

 Your Spells              Type           Power        Failure   Level  Hunger
a - Sting                 Tmut/Pois      ####         1%          1    None
b - Poisonous Vapours     Pois/Air       #####.       1%          2    None
c - Ignite Poison         Fire/Tmut/Pois #####...     2%          3    None
d - Mephitic Cloud        Conj/Pois/Air  #####...     2%          3    None
e - Olgreb's Toxic Radia  Pois           ######..     1%          4    #......

Your spell library contained the following spells:

 Spells                   Type           Power        Failure   Level  Hunger


Dungeon Overview and Level Annotations

Branches:
Dungeon (10/15)            Temple (1/1) D:6           Sewer (visited)
   Lair: D:8-11         Orc: D:9-12

Altars:
Ashenzari
Cheibriados
Dithmenos
Elyvilon
Fedhas
Gozag
Hepliaklqana
Kikubaaqudgha
Makhleb
Nemelex Xobeh
Okawaru
Qazlal
Ru
Sif Muna
Trog
Uskayaw
Vehumet
Wu Jian
Xom
Yredelemnul
Zin
The Shining One

Shops:
D:7 *


Message History

You kill the killer bee!
Sif Muna accepts your kill.
You feel sick.
The killer bee is engulfed in blazing flames.
The water moccasin barely misses you. The killer bee barely misses you.
You hit the killer bee.
The killer bee is moderately wounded.
You feel very sick. The killer bee stings you. The water moccasin bites you!
The killer bee barely misses you. The water moccasin bites you.
* * * LOW HITPOINT WARNING * * *
The killer bee stings you.
* * * LOW HITPOINT WARNING * * *
It was a potion of flight.
You feel very buoyant.
You fly up into the air.
You feel sick. The killer bee stings you.
* * * LOW HITPOINT WARNING * * *
You are more poisoned.
The killer bee poisons you! The water moccasin bites you!
You die...

##########
####........##
####.............
#..............#
##..............#
...#..y_...........#
..†..☼S@..#........#
...##.†...#........#
#######........#
######.### #..#
###.## #...# #
##+##### ###.#### #
#......# ####......#
#


You could see a water moccasin and a killer bee.

Vanquished Creatures
  A two-headed ogre (D:8)
  Nergalle (D:10)
  Pikel (D:6)
  Psyche (D:8)
  Prince Ribbit (D:8)
  2 hippogriffs
  A wyvern (D:8)
  A hungry ghost (D:8)
  Edmund (D:4)
  A water moccasin (D:10)
  4 ice beasts
  A sky beast (D:5)
  3 phantoms
  5 ogres
  3 big kobolds
  5 bullfrogs
  2 scorpions
  9 killer bees
  5 howler monkeys
  3 crimson imps
  A bullfrog zombie (D:6)
  A quasit (D:6)
  A jelly (D:6)
  A centaur zombie (D:6)
  2 hounds
  6 orc priests
  A centaur skeleton (D:6)
  5 orc wizards
  3 iguanas
  4 worker ants
  A hound zombie (D:9)
  A hound skeleton (D:4)
  A worker ant zombie (D:8)
  10 gnolls
  5 river rats
  15 adders
  3 shadow imps
  8 oozes
  2 adder zombies (D:5)
  An adder skeleton (D:7)
  4 worms
  4 dart slugs
  3 leopard geckos
  24 orcs
  6 giant cockroaches
  3 goblins
  9 hobgoblins
  12 jackals
  16 kobolds
  2 quokkas
  4 ball pythons
  4 bats
  6 frilled lizards
  2 quokka skeletons
  A quokka zombie (D:5)
  9 rats
232 creatures vanquished.

Vanquished Creatures (others)
  An ice beast (D:8)
  2 butterflies (D:6)
  2 plants (D:9)
5 creatures vanquished.

Grand Total: 237 creatures vanquished

Notes
Turn   | Place    | Note
-------+----------+-------------------------------------------
     0 | D:1      | ANNNA the Deep Elf Venom Mage began the quest for the Orb.
     0 | D:1      | Reached XP level 1. HP: 10/10 MP: 6/6
   221 | D:1      | Reached XP level 2. HP: 15/15 MP: 2/8
   225 | D:1      | Learned a level 2 spell: Poisonous Vapours
   912 | D:1      | Reached XP level 3. HP: 19/19 MP: 7/10
  1452 | D:2      | Found a bloodstained altar of Trog.
  1795 | D:2      | Reached skill level 4 in Spellcasting
  1859 | D:2      | Reached XP level 4. HP: 24/24 MP: 8/12
  1864 | D:2      | Learned a level 3 spell: Ignite Poison
  1868 | D:2      | Learned a level 3 spell: Mephitic Cloud
  1930 | D:2      | Found a burning altar of Makhleb.
  1930 | D:2      | Found a hazy altar of Hepliaklqana.
  1930 | D:2      | Found a white marble altar of Elyvilon.
  1960 | D:2      | Reached skill level 1 in Air Magic
  2711 | D:3      | Reached skill level 5 in Spellcasting
  2711 | D:3      | Reached XP level 5. HP: 28/28 MP: 8/14
  2717 | D:3      | Learned a level 4 spell: Olgreb's Toxic Radiance
  3109 | D:3      | Found a radiant altar of Vehumet.
  3499 | D:3      | Found an ornate altar of the Wu Jian Council.
  3714 | D:3      | Found a faded altar of an unknown god.
  3941 | D:3      | Reached XP level 6. HP: 32/32 MP: 5/16
  4053 | D:3      | Reached skill level 6 in Spellcasting
  4214 | D:4      | Found a glowing golden altar of the Shining One.
  4331 | D:4      | Found an opulent altar of Gozag.
  4332 | D:4      | Found the +12 glaive of Prune {vorpal}
  4477 | D:4      | Noticed Edmund
  4481 | D:4      | Killed Edmund
  5265 | D:5      | Entered Level 5 of the Dungeon
  5272 | D:5      | Found an ancient bone altar of Kikubaaqudgha.
  5412 | D:5      | Noticed a sky beast
  5416 | D:5      | Killed a sky beast
  5416 | D:5      | Reached skill level 7 in Spellcasting
  5416 | D:5      | Reached XP level 7. HP: 36/36 MP: 8/19
  5526 | D:5      | Found a glowing golden altar of the Shining One.
  5751 | D:5      | Reached skill level 5 in Poison Magic
  5851 | D:5      | Found a glowing drain.
  5859 | Sewer    | Entered a sewer
  6123 | Sewer    | Reached skill level 1 in Polearms
  6745 | D:6      | Reached XP level 8. HP: 42/42 MP: 13/21
  6915 | D:6      | Reached skill level 1 in Fire Magic
  7072 | D:6      | Reached skill level 1 in Conjurations
  7474 | D:6      | Found a shadowy altar of Dithmenos.
  7491 | D:6      | Reached skill level 8 in Spellcasting
  7643 | D:6      | Reached skill level 1 in Fighting
  8044 | D:6      | Noticed Pikel
  8048 | D:6      | Killed Pikel
  8048 | D:6      | Reached XP level 9. HP: 48/48 MP: 15/23
  8068 | D:6      | Found a staircase to the Ecumenical Temple.
  8078 | Temple   | Entered the Ecumenical Temple
  8945 | D:7      | Found Piomahod's Assorted Antiques.
  9362 | D:7      | Found a basalt altar of Yredelemnul.
  9792 | D:7      | Found a shimmering blue altar of Sif Muna.
  9795 | D:7      | Became a worshipper of Sif Muna the Loreminder
 10148 | D:8      | Reached skill level 9 in Spellcasting
 10244 | D:8      | Noticed an angel
 10245 | D:8      | Found a shimmering altar of Xom.
 10246 | D:8      | Found a glowing silver altar of Zin.
 10247 | D:8      | Noticed a two-headed ogre
 10382 | D:8      | Killed a two-headed ogre
 10446 | D:8      | Noticed Prince Ribbit
 10466 | D:8      | Reached skill level 10 in Spellcasting
 10467 | D:8      | Killed Prince Ribbit
 10467 | D:8      | Reached skill level 5 in Air Magic
 10688 | D:8      | Noticed Psyche
 10692 | D:8      | Killed Psyche
 10692 | D:8      | Reached XP level 10. HP: 26/53 MP: 16/26
 11268 | D:8      | Reached * piety under Sif Muna
 12026 | D:9      | Got a twisted shortbow
 12742 | D:9      | Found a shimmering altar of Xom.
 12850 | D:9      | Found a blossoming altar of Fedhas.
 13036 | D:10     | Entered Level 10 of the Dungeon
 13075 | D:10     | Noticed Nergalle
 13079 | D:10     | Killed Nergalle
 13079 | D:10     | Reached skill level 11 in Spellcasting
 13080 | D:10     | Reached ** piety under Sif Muna
 13386 | D:10     | Reached skill level 1 in Armour
 13425 | D:10     | Found a shimmering altar of Xom.
 13440 | D:10     | HP: 2/53 [killer bee (5)]
 13440 | D:10     | Mangled by a water moccasin

Illustrated notes

Levels and vault maps discovered:
D:1:      onia_arrival_pyramid, layout_loops_ring, serial_bayou_lagoon_b
D:2:      layout_basic, minitemple, first_ration, hangedman_decor_riveting
D:3:      layout_basic, nicolae_overflow_hidden_temple, marbit_many_paths,
          chequers_ecumenical_altar_grove
D:4:      layout_loops_corners, grunt_gozag_breadcrumbs,
          overflow_temple_1_default, serial_bayou_lake_a, uniq_edmund
D:5:      layout_basic, gup_sewer_entry_bubbles, basic_altar, tso_metal_star
D:6:      layout_basic, minmay_temple_entry_butterflies,
          grunt_dithmenos_shadows, uniq_pikel
D:7:      layout_layer_cave, lemuel_doored_altar, lemuel_crystal_altar,
          serial_shops, nicolae_shop_overgrown_old_shop, grunt_ogre_cave,
          minmay_crossroads
D:8:      layout_basic, grunt_temple_overflow_order_and_chaos_1,
          uniq_prince_ribbit1, uniq_psyche
D:9:      layout_roguey, fedhas_altar_decomposition, basic_altar, serial_curves,
          eino_curves_02, eino_curves_02, nrook_mini_backslash
D:10:     layout_roguey, dpeg_lair_monsters,
          kennysheep_orc_monster_closet_entryway, basic_altar, uniq_nergalle
Temple:   compressed_dpeg_triangle_lava_temple

Skill      XL: |  1  2  3  4  5  6  7  8  9 10 |
---------------+-------------------------------+-----
Dodging        | 3 4 |  4.1
Spellcasting   | 4 5 7 8 10 11 | 11.2
Air Magic      | 1 2 3 5 6 |  6.3
Poison Magic   | 4 5 6 8 9 |  9.4
Transmutations | 2 3 4 |  4.3
Stealth        | 3 4 |  4.1
Polearms       | 1 3 4 |  4.0
Fire Magic     | 2 3 |  3.8
Conjurations   | 1 |  1.6
Fighting       | 1 2 |  2.1
Armour         | 1 |  1.2
Short Blades   | |  0.6
Throwing       | |  0.6

Action                   |  1- 3 |  4- 6 |  7- 9 | 10-12 || total
-------------------------+-------+-------+-------+-------++-------
Melee: Dagger            |     8 |    11 |       |       ||    19
       Glaive            |       |    16 |    89 |    40 ||   145
Throw: Stone             |     1 |       |    11 |     9 ||    21
 Cast: Sting             |    31 |    30 |    36 |     6 ||   103
       Poisonous Vapours |    20 |    58 |    98 |    48 ||   224
       Ignite Poison     |       |     3 |    27 |    27 ||    57
       Olgreb's Toxic Ra |       |     1 |       |     1 ||     2
       Mephitic Cloud    |       |       |     5 |     6 ||    11
  Use: Scroll            |       |     5 |     2 |     2 ||     9
       Potion            |       |       |       |     1 ||     1
 Stab: Sleeping          |     1 |     3 |     1 |       ||     5
  Eat: Chunk             |     3 |     9 |    10 |     4 ||    26
       Ration            |       |     1 |     2 |     1 ||     4
Armor: Robe              |     3 |     4 |    27 |       ||    34
       Leather armour    |       |       |       |     8 ||     8
Dodge: Dodged            |    20 |    35 |    63 |    42 ||   160
